 Dungeon Crawl Stone Soup version 0.23.2-1-ga50397a (webtiles) character file.

Game seed: 12440849931102124805

4411 SedStubbie the Geomancer (level 10, -3/56 HPs)
             Began as an Octopode Earth Elementalist on Apr 29, 2019.
             Was an Initiate of Gozag.
             Killed from afar by Fannar (44 damage)
             ... with a bolt of cold
             ... on level 1 of the Lair of Beasts on May 1, 2019.
             The game lasted 00:47:23 (10446 turns).

SedStubbie the Geomancer (OpEE)                    Turns: 10446, Time: 00:47:25

Health: -3/56      AC:  1    Str:  7    XL:     10   Next: 36%
Magic:  17/31      EV: 16    Int: 20    God:    Gozag
Gold:   974        SH:  3    Dex: 14    Spells: 11/26 levels left

rFire    . . .     SeeInvis .   h - +2 hunting sling (flame)
rCold    . . .     Gourm    .   k - +0 buckler
rNeg     . . .     Faith    .   (helmet restricted)
rPois    .         Spirit   .   (no amulet)
rElec    .         Reflect  .   A - ring of resist corrosion
rCorr    +         Harm     .   g - ring of magical power
MR       +....     Clarity  +   (no ring)
Stlth    +++.......             (no ring)
HPRegen  0.18/turn              (no ring)
MPRegen  0.22/turn              (no ring)
                                (no ring)
                                (no ring)

@: no status effects
A: almost no armour, stealthy swim, amphibious, 8 rings, constrict 8, camouflage
1, clarity, magic resistance 1, gelatinous body 1
a: Potion Petition, Call Merchant, Bribe Branch, Renounce Religion


You were on level 1 of the Lair of Beasts.
You worshipped Gozag.
Gozag was pleased with you.
You were not hungry.

You visited 3 branches of the dungeon, and saw 13 of its levels.
You also visited: Sewer and Gauntlet.

You collected 1289 gold pieces.
You spent 258 gold pieces at shops.
You paid 57 gold pieces to Gozag.

Inventory:

Hand Weapons
 h - a +2 hunting sling of flaming (weapon)
Missiles
 b - 74 stones (quivered)
 j - 37 sling bullets
Armour
 k - a +0 buckler (worn)
Jewellery
 g - a ring of magical power (right tentacle)
 A - a ring of resist corrosion (left tentacle)
Wands
 f - a wand of random effects (19)
 n - a wand of scattershot (5)
 s - a wand of digging (7)
 v - a wand of disintegration (10)
 z - a wand of paralysis (6)
 F - a wand of flame (12)
Scrolls
 a - 7 scrolls of identify
 e - 3 scrolls of amnesia
 i - 2 scrolls of enchant armour
 m - a scroll of enchant weapon
 r - a scroll of fog
 y - 6 scrolls of magic mapping
 D - a scroll of remove curse
 E - a scroll of summoning
Potions
 d - 3 potions of haste
 l - 2 potions of ambrosia
 o - 4 potions of curing
 p - a potion of agility
 t - 2 potions of magic
 x - 2 potions of might
 B - a potion of brilliance
Comestibles
 c - 14 rations


   Skills:
 + Level 6.7 Dodging
 - Level 2.6 Stealth
 + Level 0.0 Shields
 + Level 8.9 Spellcasting
 - Level 1.0 Transmutations
 + Level 9.9 Earth Magic


You had 11 spell levels left.
You knew the following spells:

 Your Spells              Type           Power        Failure   Level  Hunger
a - Sandblast             Erth           #####.       1%          1    None
b - Stone Arrow           Conj/Erth      ####..       4%          3    None
c - Passwall              Tmut/Erth      ####....     1%          2    None
d - Lee's Rapid Deconstr  Erth           #####.....   6%          5    #####..
e - Petrify               Tmut/Erth      ####....     14%         4    ###....

Your spell library contained the following spells:

 Spells                   Type           Power        Failure   Level  Hunger


Dungeon Overview and Level Annotations

Branches:
Dungeon (11/15)            Temple (1/1) D:5            Lair (1/6) D:10
    Orc: D:9-12

Altars:
Ashenzari
Cheibriados
Dithmenos
Elyvilon
Fedhas
Gozag
Hepliaklqana
Kikubaaqudgha
Makhleb
Nemelex Xobeh
Okawaru
Qazlal
Ru
Sif Muna
Trog
Uskayaw
Vehumet
Wu Jian
Xom
Yredelemnul
Zin
The Shining One

Shops:
D:8 ?

Annotations:
D:5 1 exclusion, Sigmund
D:6 2 runed translucent doors, Lucio's ghost, novice DsNe
D:9 Joseph
D:10 Nergalle
D:11 exclusion: 4 doors
Lair:1 Fannar; Kairos's ghost, journeyman VSAs


Innate Abilities, Weirdness & Mutations

You cannot wear most types of armour.
You are very stealthy in the water. (Stealth+)
You are amphibious.
You can wear up to eight rings at the same time.
You can use your tentacles to constrict eight enemies at once.
Your skin changes colour to match your surroundings (Stealth+).
Your rubbery body absorbs attacks. (AC +1, EV +1)
You possess an exceptional clarity of mind.
You are resistant to hostile enchantments. (MR+)


Message History

Aiming: Sandblast (safe; 1% risk of failure)
Press: ? - help, Shift-Dir - straight line, f/p - Fannar
Aim: Fannar, wielding a +0 quarterstaff of freezing, wearing a +1 robe of cold resistance and wearing an uncursed ring of ice (heavily wounded, covered in an icy film)
The blast of sand hits Fannar!
Fannar is severely wounded.
b - 75 stones
Casting: Sandblast (safe; 1% risk of failure)
Confirm with . or Enter, or press ? or * to list all spells.
Aiming: Sandblast (safe; 1% risk of failure)
Press: ? - help, Shift-Dir - straight line, f/p - Fannar
Aim: Fannar, wielding a +0 quarterstaff of freezing, wearing a +1 robe of cold resistance and wearing an uncursed ring of ice (severely wounded, covered in an icy film)
The blast of sand hits the ice beast!
The ice beast is heavily wounded.
b - 74 stones Fannar points at you and mumbles some strange words.
The bolt of cold hits the ice beast.
The ice beast completely resists.
The bolt of cold hits you!!!
Ouch! That really hurt!
You die...
Your body crumbles into a pile of gold.

##* #.#* ###### *** *#.#*
##.##.##########***,***
*#.###.............((,,,,,,***
*#...#......@Ye.....,,,,,,,,*
#.#..#.#.#####.....#*,***,,,*
*,##...###**,*#+.+##*#***,,**
**##.#..#,,,,*#...##.,,,*#.#
##P.#.##,,,,*#.....,,,,*#.#
#.....#*,,,,,+...+,,,,,*#.#
##.#..#***,**##..###+##*#.#
##.##.########..###...###.#
#..##.##......'....#...##.#


You could see Fannar and an ice beast.

Vanquished Creatures
  A gargoyle (D:11)
  Prince Ribbit (D:6)
  A hippogriff (D:11)
  A wraith (D:10)
  A basilisk (Lair:1)
  4 yaks (Lair:1)
  A sky beast (D:6)
  3 porcupines (Lair:1)
  An ice beast (D:7)
  2 ogres
  3 phantoms
  2 necrophages
  2 centaurs (D:11)
  Blork the orc (D:6)
  3 bullfrogs
  2 scorpions
  3 wights (D:11)
  2 howler monkeys (D:7)
  5 crimson imps
  A bullfrog zombie (D:5)
  3 hounds
  5 orc priests
  2 iguanas
  5 orc wizards
  A hell rat (Lair:1)
  A worker ant (D:5)
  2 killer bee zombies
  A hound skeleton (D:4)
  4 gnolls (D:2)
  A worker ant zombie (D:5)
  7 adders
  11 river rats
  3 shadow imps
  An ooze (D:3)
  An adder zombie (D:5)
  3 worms
  3 dart slugs
  6 leopard geckos
  19 orcs
  3 giant cockroaches
  9 goblins
  6 hobgoblins
  7 jackals
  4 quokkas
  3 ball pythons
  4 bats
  18 frilled lizards
  A giant cockroach zombie (D:5)
  8 kobolds
  A leopard gecko skeleton (D:6)
  A leopard gecko zombie (D:8)
  17 rats
201 creatures vanquished.

Notes
Turn   | Place    | Note
-------+----------+-------------------------------------------
     0 | D:1      | SedStubbie the Octopode Earth Elementalist began the quest
                  | for the Orb.
     0 | D:1      | Reached XP level 1. HP: 11/11 MP: 3/3
    82 | D:1      | Reached XP level 2. HP: 13/17 MP: 5/5
   952 | D:2      | Reached XP level 3. HP: 10/21 MP: 6/6
  1262 | D:2      | Found a glowing golden altar of the Shining One.
  1358 | D:2      | Reached skill level 4 in Earth Magic
  1358 | D:2      | Reached XP level 4. HP: 10/27 MP: 8/8
  2542 | D:3      | Reached XP level 5. HP: 30/31 MP: 10/10
  3105 | D:3      | Learned a level 3 spell: Stone Arrow
  3409 | D:4      | Reached skill level 5 in Earth Magic
  3409 | D:4      | Reached XP level 6. HP: 14/36 MP: 3/12
  3611 | D:4      | Found a basalt altar of Yredelemnul.
  4049 | D:5      | Entered Level 5 of the Dungeon
  4166 | D:5      | Reached XP level 7. HP: 41/41 MP: 7/14
  4368 | D:5      | Reached skill level 5 in Spellcasting
  4368 | D:5      | Reached skill level 6 in Earth Magic
  4403 | D:5      | Noticed Sigmund
  4512 | D:5      | Found a staircase to the Ecumenical Temple.
  4561 | Temple   | Entered the Ecumenical Temple
  4590 | Temple   | Became a worshipper of Gozag Ym Sagoz the Greedy
  5209 | D:6      | Noticed Prince Ribbit
  5377 | D:6      | Reached skill level 7 in Earth Magic
  5377 | D:6      | Reached XP level 8. HP: 9/46 MP: 5/17
  5437 | D:6      | Killed Prince Ribbit
  5526 | D:6      | Found a glowing drain.
  5535 | Sewer    | Entered a sewer
  6220 | D:6      | Noticed Blork the orc
  6235 | D:6      | Killed Blork the orc
  6253 | D:6      | HP: 2/46 [river rat (8)]
  6552 | D:6      | Found a large runed translucent door.
  6556 | D:6      | Noticed Lucio's ghost (novice DsNe)
  6557 | D:6      | Found a large runed translucent door.
  7237 | D:7      | Reached skill level 8 in Earth Magic
  7291 | D:7      | Learned a level 2 spell: Passwall
  7297 | D:7      | Learned a level 5 spell: Lee's Rapid Deconstruction
  7334 | D:7      | Gained mutation: You possess an exceptional clarity of
                  | mind. [potion of mutation]
  7334 | D:7      | Gained mutation: You are resistant to hostile enchantments.
                  | (MR+) [potion of mutation]
  7351 | D:7      | Reached XP level 9. HP: 51/51 MP: 8/19
  7759 | D:7      | Found a snail-covered altar of Cheibriados.
  7990 | D:8      | Found Tyurait's Magic Scroll Shop.
  7993 | D:8      | Bought a scroll of remove curse for 36 gold pieces
  7993 | D:8      | Bought a scroll of summoning for 114 gold pieces
  7993 | D:8      | Bought a scroll of magic mapping for 42 gold pieces
  7994 | D:8      | Identified a scroll of acquirement
  7995 | D:8      | Got a glittering bronze ring
  7996 | D:8      | Identified the ring of Wu Jian's Reproof {Ice rElec MP+9
                  | Dex+3} (You acquired it on level 8 of the Dungeon)
  8001 | D:8      | Bought a scroll of magic mapping for 42 gold pieces
  8001 | D:8      | Bought a scroll of identify for 24 gold pieces
  8292 | D:8      | Learned a level 4 spell: Petrify
  8402 | D:8      | Found an iron altar of Okawaru.
  8403 | D:8      | Found a sparkling altar of Nemelex Xobeh.
  8403 | D:8      | Found a shimmering altar of Xom.
  8693 | D:9      | Noticed Joseph
  8693 | D:9      | Noticed a gargoyle
  8708 | D:10     | Entered Level 10 of the Dungeon
  8836 | D:10     | Noticed Nergalle
  9092 | D:11     | Reached skill level 5 in Dodging
  9095 | D:11     | Reached skill level 9 in Earth Magic
  9150 | D:11     | Noticed an ogre mage
  9150 | D:11     | Noticed a black mamba
  9150 | D:11     | Noticed an orc knight
  9150 | D:11     | Noticed a gargoyle
  9150 | D:11     | Noticed a gargoyle
  9150 | D:11     | Noticed a white ugly thing
  9150 | D:11     | Noticed a troll
  9162 | D:11     | Noticed a two-headed ogre
  9162 | D:11     | Noticed a green ugly thing
  9164 | D:11     | Noticed a two-headed ogre
  9220 | D:11     | Noticed a gargoyle
  9232 | D:11     | Killed a gargoyle
  9478 | D:11     | Reached XP level 10. HP: 53/56 MP: 14/22
  9653 | D:10     | Found a staircase to the Lair.
  9688 | Lair:1   | Entered Level 1 of the Lair of Beasts
  9750 | Lair:1   | Found a gate leading to a gauntlet.
  9755 | Gauntlet | Entered a Gauntlet
  9755 | Gauntlet | Found a transporter.
  9755 | Gauntlet | Found a transporter.
  9755 | Gauntlet | Noticed a shining eye
  9757 | Gauntlet | Found a transporter.
  9778 | Gauntlet | Found a transporter.
  9784 | Gauntlet | Noticed a gargoyle
  9785 | Gauntlet | Noticed a catoblepas
  9786 | Gauntlet | Found a transporter.
  9789 | Gauntlet | Found a transporter.
  9799 | Gauntlet | Found a transporter.
  9815 | Gauntlet | Noticed a necromancer
  9817 | Gauntlet | Found a runed translucent door.
  9818 | Gauntlet | Found a transporter.
  9818 | Gauntlet | Noticed a death yak
  9819 | Gauntlet | Found a runed translucent door.
  9819 | Gauntlet | Noticed a death yak
  9820 | Gauntlet | Noticed a death yak
  9832 | Gauntlet | Found a transporter.
  9835 | Gauntlet | Found a transporter.
  9837 | Gauntlet | Found a runed translucent gate.
  9837 | Gauntlet | Found a runed translucent gate.
  9837 | Gauntlet | Found a runed translucent gate.
  9837 | Gauntlet | Noticed a soul eater
  9876 | Gauntlet | Found a transporter.
  9879 | Gauntlet | Found a transporter.
 10023 | Lair:1   | Noticed Kairos's ghost (journeyman VSAs)
 10434 | Lair:1   | Noticed Fannar
 10446 | Lair:1   | Killed from afar by Fannar

Skill      XL: |  1  2  3  4  5  6  7  8  9 10 |
---------------+-------------------------------+-----
Spellcasting   | 3 4 6 7 8 |  8.9
Earth Magic    | 4 5 7 8 9 |  9.9
Dodging        | 3 5 6 |  6.7
Stealth        | |  2.6
Transmutations | |  1.0

Action                   |  1- 3 |  4- 6 |  7- 9 | 10-12 || total
-------------------------+-------+-------+-------+-------++-------
Melee: Unarmed           |    39 |       |       |       ||    39
       Constrict         |    11 |       |       |       ||    11
       Tentacles         |     7 |       |     1 |       ||     8
       Hunting sling     |       |     1 |     2 |       ||     3
 Fire: Hunting sling     |    61 |   125 |   179 |    18 ||   383
 Cast: Sandblast         |     3 |    37 |   100 |    32 ||   172
       Stone Arrow       |       |     4 |    39 |    14 ||    57
       Lee's Rapid Decon |       |       |     3 |     1 ||     4
Evoke: Wand              |       |       |    10 |       ||    10
  Use: Potion            |       |     1 |     5 |     6 ||    12
       Scroll            |       |     8 |    15 |     4 ||    27
 Stab: Sleeping          |     5 |       |       |       ||     5
  Eat: Chunk             |     1 |     9 |     1 |       ||    11
       Ration            |       |       |     5 |     1 ||     6
Armor: Skin              |     4 |     2 |     6 |       ||    12
Dodge: Dodged            |    52 |    34 |    59 |    12 ||   157
